 Dungeon Crawl Stone Soup version 0.23.2-1-ga50397a (webtiles) character file.

Game seed: 11724694705086958223

1276 Labyrinth the Insei (level 8, -1/60 HPs)
             Began as a Gnoll Transmuter on May 23, 2019.
             Was an Initiate of Makhleb.
             Succumbed to a water moccasin's poison
             ... on level 5 of the Dungeon.
             The game lasted 00:39:54 (4963 turns).

Labyrinth the Insei (Gnoll Transmuter)              Turns: 4963, Time: 00:39:55

Health: -1/60      AC:  4    Str: 14    XL:     8   Next: 54%
Magic:  17/17      EV: 15    Int: 20    God:    Makhleb [......]
Gold:   98         SH:  0    Dex: 17    Spells: 1/19 levels left

rFire    x . .     SeeInvis .   v - +1 flail (holy)
rCold    + . .     Gourm    .   (no shield)
rNeg     . . .     Faith    .   E - +1 leather armour of Ysagink {rCorr}
rPois    .         Spirit   .   (no helmet)
rElec    .         Reflect  .   h - scarf {repulsion}
rCorr    +         Harm     .   (no gloves)
MR       .....                  (no boots)
Stlth    ++........             (no amulet)
HPRegen  0.20/turn              G - ring of ice
MPRegen  0.15/turn              n - ring of resist corrosion

@: brilliant, lethally poisoned (-1 -> -55), lightly drained, repel missiles
A: distributed training, fangs 1, strong nose
a: Renounce Religion


You were on level 5 of the Dungeon.
You worshipped Makhleb.
Makhleb was noncommittal.
You were not hungry.

You visited 1 branch of the dungeon, and saw 5 of its levels.
You also visited: Sewer.

You collected 218 gold pieces.
You spent 120 gold pieces at shops.

Inventory:

Hand Weapons
 q - a +3 spear
 u - a +2 dagger of venom
 v - a +1 flail of holy wrath (weapon)
 w - a +0 dagger of electrocution
 B - a +1 mace of draining
 F - a +1 flail of draining
Missiles
 a - 36 arrows
 g - 98 stones (quivered)
 p - 52 bolts
 D - 8 sling bullets
Armour
 h - a scarf of repulsion (worn)
 E - the +1 leather armour of Ysagink (worn) {rCorr}
   (You found it on level 4 of the Dungeon)

   It provides partial protection from all sources of acid and corrosion.
Magical Staves
 y - an uncursed staff of energy
 H - an uncursed staff of power
Jewellery
 n - a ring of resist corrosion (right hand)
 G - a ring of ice (left hand)
Wands
 s - a wand of paralysis (7)
Scrolls
 c - a scroll of blinking
 k - 2 scrolls of remove curse
 l - a scroll of fog {unknown}
 m - a scroll of amnesia {unknown}
 o - 7 scrolls of teleportation
 A - 3 scrolls of fear
 I - a scroll of noise {unknown}
Potions
 b - a potion of berserk rage
 e - a potion of cancellation
 f - a potion of might
 i - a potion of heal wounds
 j - a potion of agility
 t - a potion of invisibility {unknown}
 x - a potion of magic
 z - 3 potions of haste
Comestibles
 d - 3 rations
 C - 3 chunks of flesh


   Skills:
 + Level 4.2 Fighting
 + Level 3.3(3.2) Short Blades
 + Level 3.3(3.2) Long Blades
 + Level 3.3(3.2) Axes
 + Level 3.3(3.2) Maces & Flails
 + Level 3.3(3.2) Polearms
 + Level 3.3(3.2) Staves
 + Level 3.3(3.2) Slings
 + Level 3.3(3.2) Bows
 + Level 3.3(3.2) Crossbows
 + Level 3.3(3.2) Throwing
 + Level 3.3(3.2) Armour
 + Level 5.7(5.6) Dodging
 + Level 3.3(3.2) Stealth
 + Level 3.3(3.2) Shields
 + Level 7.4(7.3) Unarmed Combat
 + Level 6.0 Spellcasting
 + Level 2.6 Conjurations
 + Level 2.6 Hexes
 + Level 2.6 Charms
 + Level 2.6 Summonings
 + Level 2.6 Necromancy
 + Level 2.6 Translocations
 + Level 4.7 Transmutations
 + Level 2.6 Fire Magic
 + Level 2.6 Ice Magic
 + Level 2.6 Air Magic
 + Level 2.6 Earth Magic
 + Level 2.6 Poison Magic
 + Level 3.6 Invocations
 + Level 3.3(3.2) Evocations


You had one spell level left.
You knew the following spells:

 Your Spells              Type           Power        Failure   Level  Hunger
a - Beastly Appendage     Tmut           #####.       1%          1    None
b - Sticks to Snakes      Tmut           #####...     1%          2    None
c - Spider Form           Tmut/Pois      ####......   1%          3    ##.....
d - Ice Form              Ice/Tmut       #####...     3%          4    ####...
e - Blade Hands           Tmut           #####.....   6%          5    #####..
f - Shock                 Conj/Air       ####         1%          1    None
g - Swiftness             Chrm/Air       ####....     1%          2    None

Your spell library contained the following spells:

 Spells                   Type           Power        Failure   Level  Hunger
 Static Discharge         Conj/Air       ####....     1%          3    ##.....
 Airstrike                Air            ####......   4%          4    ####...
 Lightning Bolt           Conj/Air       ####......   13%         5    #####..


Dungeon Overview and Level Annotations

Branches:
Dungeon (5/15)
 Temple: D:4-7

Altars:
Ashenzari
Makhleb
Vehumet
Xom
Zin

Shops:
D:4 [


Innate Abilities, Weirdness & Mutations

Your experience applies equally to all skills.
You have very sharp teeth.
Your uncanny sense of smell can sniff out nearby items.


Message History

The water moccasin bites you!
You hit the water moccasin but do no damage.
The water moccasin is heavily wounded.
You feel very sick.
The water moccasin bites you but does no damage.
The water moccasin bites you.
You are more poisoned.
The water moccasin poisons you!
You barely miss the water moccasin.
The water moccasin is heavily wounded.
* * * LOW HITPOINT WARNING * * *
You feel very sick. The water moccasin bites you.
* * * LOW HITPOINT WARNING * * *
You are more poisoned.
The water moccasin poisons you! The water moccasin bites you!
* * * LOW HITPOINT WARNING * * *
It was a potion of brilliance.
You feel clever all of a sudden.
You die...

#..............##.##.#
########.......##.##.########
#.....................
#.......##.........###
######.......######.....##
#........................#
#.###.........>..........#
#....................#
#....S@..............#
#....................#
###.#.#####............#
#...#.# #............#
#.###.# #............# ...
..# #............# #.#. ###
#............# ...#.
#............# .## #S
#............#


You could see a water moccasin.

Vanquished Creatures
  Grinder (D:5)
  Edmund (D:5)
  A water moccasin (D:5)
  2 ogres
  A necrophage (D:5)
  A bullfrog zombie (D:5)
  2 jellies (D:5)
  3 orc wizards
  2 orc priests (D:4)
  3 hounds
  4 worker ants
  A howler monkey zombie (D:5)
  4 adders
  A gnoll (D:1)
  3 river rats (Sewer)
  An ooze (D:1)
  A worm (D:4)
  A dart slug (D:1)
  2 leopard geckos
  13 orcs
  2 giant cockroaches
  5 goblins
  5 hobgoblins (D:1)
  A jackal (D:1)
  6 kobolds
  A quokka (D:4)
  5 ball pythons
  4 bats
  7 frilled lizards
  12 rats
96 creatures vanquished.

Vanquished Creatures (collateral kills)
  An orc priest (D:3)
  An orc (D:5)
2 creatures vanquished.

Grand Total: 98 creatures vanquished

Notes
Turn   | Place    | Note
-------+----------+-------------------------------------------
     0 | D:1      | Labyrinth the Gnoll Transmuter began the quest for the Orb.
     0 | D:1      | Reached XP level 1. HP: 17/17 MP: 6/6
    78 | D:1      | Reached XP level 2. HP: 16/23 MP: 5/7
   246 | D:1      | Reached XP level 3. HP: 28/28 MP: 7/9
   394 | D:1      | Reached skill level 5 in Spellcasting
   644 | D:1      | Learned a level 2 spell: Sticks to Snakes
   675 | D:1      | Reached skill level 1 in Invocations
  1156 | D:2      | Found a shimmering altar of Xom.
  1159 | D:2      | Found a sacrificial altar of Ru.
  1159 | D:2      | Found a stormy altar of Qazlal.
  1161 | D:2      | Found a sacrificial altar of Ru.
  1161 | D:2      | Found an iron altar of Okawaru.
  1161 | D:2      | Found a bloodstained altar of Trog.
  1705 | D:3      | Reached skill level 1 in Short Blades
  1705 | D:3      | Reached skill level 1 in Long Blades
  1705 | D:3      | Reached skill level 1 in Axes
  1705 | D:3      | Reached skill level 1 in Maces & Flails
  1705 | D:3      | Reached skill level 1 in Polearms
  1705 | D:3      | Reached skill level 1 in Staves
  1705 | D:3      | Reached skill level 1 in Slings
  1705 | D:3      | Reached skill level 1 in Bows
  1705 | D:3      | Reached skill level 1 in Crossbows
  1705 | D:3      | Reached skill level 1 in Throwing
  1705 | D:3      | Reached skill level 1 in Armour
  1705 | D:3      | Reached skill level 1 in Stealth
  1705 | D:3      | Reached skill level 1 in Shields
  1705 | D:3      | Reached skill level 1 in Evocations
  1723 | D:3      | Reached XP level 4. HP: 30/34 MP: 11/11
  1728 | D:3      | Learned a level 3 spell: Spider Form
  1733 | D:3      | Learned a level 4 spell: Ice Form
  1830 | D:3      | Reached skill level 1 in Conjurations
  1830 | D:3      | Reached skill level 1 in Hexes
  1830 | D:3      | Reached skill level 1 in Charms
  1830 | D:3      | Reached skill level 1 in Summonings
  1830 | D:3      | Reached skill level 1 in Necromancy
  1830 | D:3      | Reached skill level 1 in Translocations
  1830 | D:3      | Reached skill level 1 in Fire Magic
  1830 | D:3      | Reached skill level 1 in Ice Magic
  1830 | D:3      | Reached skill level 1 in Air Magic
  1830 | D:3      | Reached skill level 1 in Earth Magic
  1830 | D:3      | Reached skill level 1 in Poison Magic
  1830 | D:3      | Reached XP level 5. HP: 26/40 MP: 9/12
  1913 | D:3      | Found a glowing drain.
  1925 | Sewer    | Entered a sewer
  2633 | D:4      | Reached XP level 6. HP: 34/47 MP: 6/13
  2649 | D:4      | Reached skill level 5 in Dodging
  2720 | D:4      | Got a polished leather armour
  2731 | D:4      | Identified the +1 leather armour of Ysagink {rCorr} (You
                  | found it on level 4 of the Dungeon)
  2738 | D:4      | Learned a level 5 spell: Blade Hands
  2810 | D:4      | Found Ifeosm's Armour Emporium.
  2925 | D:4      | Bought a scarf of repulsion for 120 gold pieces
  3029 | D:4      | Reached XP level 7. HP: 25/52 MP: 13/15
  3043 | D:4      | Learned a level 1 spell: Shock
  3592 | D:4      | Found a burning altar of Makhleb.
  3594 | D:4      | Found a glowing silver altar of Zin.
  3594 | D:4      | Noticed a balrug
  3594 | D:4      | Noticed an angel
  3626 | D:4      | Became a worshipper of Makhleb the Destroyer
  3764 | D:5      | Entered Level 5 of the Dungeon
  3771 | D:5      | Reached skill level 7 in Unarmed Combat
  3910 | D:5      | Noticed Grinder
  3914 | D:5      | Paralysed by Grinder for 5 turns
  3928 | D:5      | Killed Grinder
  3928 | D:5      | Reached XP level 8. HP: 16/60 MP: 14/16
  4249 | D:5      | Learned a level 2 spell: Swiftness
  4456 | D:5      | Found a radiant altar of Vehumet.
  4469 | D:5      | Found a shattered altar of Ashenzari.
  4643 | D:5      | Noticed Edmund
  4665 | D:5      | Killed Edmund
  4963 | D:5      | Succumbed to a water moccasin's poison

Skill      XL: |  1  2  3  4  5  6  7  8 |
---------------+-------------------------+-----
Spellcasting   | 5 6 |  6.0
Invocations    | 1 2 3 |  3.6
Short Blades   | 1 2 3 |  3.3
Long Blades    | 1 2 3 |  3.3
Axes           | 1 2 3 |  3.3
Maces & Flails | 1 2 3 |  3.3
Polearms       | 1 2 3 |  3.3
Staves         | 1 2 3 |  3.3
Slings         | 1 2 3 |  3.3
Bows           | 1 2 3 |  3.3
Crossbows      | 1 2 3 |  3.3
Throwing       | 1 2 3 |  3.3
Armour         | 1 2 3 |  3.3
Stealth        | 1 2 3 |  3.3
Shields        | 1 2 3 |  3.3
Evocations     | 1 2 3 |  3.3
Conjurations   | 1 2 |  2.6
Hexes          | 1 2 |  2.6
Charms         | 1 2 |  2.6
Summonings     | 1 2 |  2.6
Necromancy     | 1 2 |  2.6
Translocations | 1 2 |  2.6
Fire Magic     | 1 2 |  2.6
Ice Magic      | 1 2 |  2.6
Air Magic      | 1 2 |  2.6
Earth Magic    | 1 2 |  2.6
Poison Magic   | 1 2 |  2.6
Fighting       | 3 4 |  4.2
Transmutations | 4 |  4.7
Dodging        | 5 |  5.7
Unarmed Combat | 7 |  7.4

Action                   |  1- 3 |  4- 6 |  7- 9 || total
-------------------------+-------+-------+-------++-------
Melee: Whip              |    17 |       |       ||    17
       Unarmed           |    35 |    40 |    19 ||    94
       Bite              |     8 |     7 |    12 ||    27
       Punch             |     3 |     1 |     3 ||     7
       Kick              |     4 |    10 |     5 ||    19
       Spear             |    29 |    64 |    26 ||   119
       Headbutt          |     6 |       |     4 ||    10
       Staff             |       |     3 |    23 ||    26
       Flail             |       |       |    19 ||    19
       Dagger            |       |       |     1 ||     1
Throw: Stone             |    39 |    42 |    21 ||   102
       Javelin           |     3 |     4 |       ||     7
 Cast: Beastly Appendage |    17 |     3 |     7 ||    27
       Sticks to Snakes  |       |     3 |     3 ||     6
       Spider Form       |       |     3 |     4 ||     7
       Shock             |       |       |    24 ||    24
       Swiftness         |       |       |     1 ||     1
  Use: Scroll            |     4 |       |     3 ||     7
       Potion            |       |     4 |     6 ||    10
 Stab: Sleeping          |       |     2 |     1 ||     3
  Eat: Chunk             |     1 |     2 |       ||     3
       Ration            |     1 |     1 |     1 ||     3
Armor: Ring mail         |    24 |       |       ||    24
       Robe              |     1 |     1 |       ||     2
       Skin              |       |     1 |       ||     1
       Leather armour    |       |     3 |    10 ||    13
Dodge: Dodged            |    52 |    67 |    64 ||   183
